AoeStats
← Ikwilookkaas

Highland

505421591Analyzed
4v4 RM · 23d ago on Sep 9, 2026· 18m 43s· 8 players
Game mode
Random Map
Map size
Large (8 player)
Population
200
Speed
Normal
Resources
Standard
Victory
Conquest
Starting age
Dark Age
Ending age
Imperial Age
RankedLock teamsTeams togetherTeam positionsShared explorationLock speedFull tech treeHidden civsTurbo modeCheats
Victory
Defeat
🇦🇺 Goths · Australia
1093
+24
🇦🇺 Italians · Australia
945
+53
🇳🇱 Mapuche · Netherlands
841
+22
🇦🇺 Japanese · Australia
811
+63
1036
-21
🇷🇴 Celts · Romania
984
-19
🇨🇳 Japanese · China
969
-18
🇮🇳 Poles · India
954
-18
Capt. Abisto
0:27 Loom
11:49 Feudal Age
12:41 Horse Collar
12:50 Double-Bit Axe
15:30 Arson
15:39 Man-at-Arms
18:38 Forging
18:28 Scale Mail Armor
大汉忠臣曹孟德
11:32 Feudal Age
12:11 Double-Bit Axe
15:59 Castle Age
14:26 Horse Collar
17:32 Loom
品哥揍老外
4:55 Loom
15:12 Feudal Age
FTP kykyrez
11:30 Feudal Age
13:20 Loom
16:06 Fletching
19:35 Castle Age
17:32 Double-Bit Axe
Ikwilookkaas
12:13 Feudal Age
10:32 Loom
12:57 Double-Bit Axe
12:54 Horse Collar
13:08 Champi Runner
14:25 Forging
14:18 Scale Mail Armor
Danzie_Dee
5:18 Loom
11:48 Feudal Age
12:57 Man-at-Arms
18:17 Fletching
18:28 Padded Archer Armor
matt500x
11:10 Feudal Age
11:55 Double-Bit Axe
13:20 Gold Mining
13:41 Fishing Lines
16:52 Town Watch
16:54 Horse Collar
18:46 Stone Mining
JES
6:13 Loom
11:31 Feudal Age
12:01 Double-Bit Axe
12:16 Man-at-Arms
14:19 Fletching
Connection lost

Rejoining the realm…

Still unreachable

The connection could not be restored.

Session expired

The server has moved on; the page needs a fresh start.